 Dungeon Crawl Stone Soup version 0.29.1-1-gd02db6906a (webtiles) character file.

Game seed: 7435727369052211011

233 sleeves the Magician (level 5, -2/35 HPs)
             Began as a Demonspawn Hedge Wizard on Sept 26, 2022.
             Slain by a gnoll
             ... wielding a +0 halberd
              (9 damage)
             ... on level 4 of the Dungeon.
             The game lasted 00:14:05 (3823 turns).

sleeves the Magician (Demonspawn Hedge Wizard)      Turns: 3823, Time: 00:14:06

Health: -2/35      AC:  2    Str: 11    XL:     5   Next: 75%
Magic:  11/11      EV:  6    Int: 17    God:
Gold:   223        SH:  0    Dex: 12    Spells: 9/12 levels left

rFire   + . .      SeeInvis .   e - +0 dagger (venom)
rCold   . . .      Faith    .   (no shield)
rNeg    . . .      Spirit   .   b - +0 robe
rPois   .          Reflect  .   c - +0 hat
rElec   .          Harm     .   (no cloak)
rCorr   .          Rampage  .   (no gloves)
Will    .....                   (no boots)
Stlth   ++........              (no amulet)
HPRegen 0.11/turn               f - ring of protection from fire
MPRegen 0.24/turn               (no ring)

@: held
A: hooves 2, magic regeneration
a: no special abilities


You were on level 4 of the Dungeon.
You visited 1 branch of the dungeon, and saw 4 of its levels.

You collected 223 gold pieces.

Inventory:

Hand Weapons
 e - a +0 dagger of venom (weapon)
   (You took it off a goblin on level 1 of the Dungeon)
 h - a +0 short sword of speed
   (You took it off a kobold on level 1 of the Dungeon)
 o - a +0 spear
   (You found it on level 1 of the Dungeon)
Armour
 b - a +0 robe (worn)
 c - a +0 hat (worn)
Jewellery
 f - a ring of protection from fire (left hand)
   (You found it on level 1 of the Dungeon)
Scrolls
 g - a scroll of magic mapping {unknown}
 i - a scroll of noise {unknown}
 j - 2 scrolls of enchant weapon {unknown}
 l - 2 scrolls of torment {unknown}
 m - 3 scrolls of identify {unknown}
 r - a scroll of teleportation {unknown}
 t - a scroll of acquirement {unknown}
 u - a scroll of brand weapon {unknown}
Potions
 d - a potion of magic
 k - a potion of degeneration {unknown}
 n - a potion of ambrosia {unknown}
 p - a potion of lignification {unknown}
 s - a potion of might {unknown}


   Skills:
 + Level 1.5 Short Blades
 - Level 1.7 Dodging
 + Level 2.7 Stealth
 - Level 4.1 Spellcasting
 - Level 1.0 Conjurations
 + Level 3.8 Summonings
 - Level 0.8 Translocations


You had 9 spell levels left.
You knew the following spells:

 Your Spells              Type           Power      Damage    Failure   Level
a - Magic Dart            Conj           24%        1d4       11%         1
b - Call Imp              Summ           16%        N/A       4%          2

Your spell library contained the following spells:

 Spells                   Type           Power      Damage    Failure   Level
 Slow                     Hex            12%        N/A       16%         1
 Blink                    Tloc           12%        N/A       17%         2
 Gell's Gravitas          Tloc           6%         N/A       32%         3
 Lesser Beckoning         Tloc           6%         N/A       32%         3
 Teleport Other           Tloc           6%         N/A       32%         3
 Conjure Flame            Conj/Fire      5%         6-21      36%         3
 Mephitic Cloud           Conj/Pois/Air  4%         N/A       38%         3


Dungeon Overview and Level Annotations

Branches:
Dungeon (4/15)
 Temple: D:4-7

Altars:
Okawaru

Annotations:
D:3 exclusion: downstairs, Pargi


Innate Abilities, Weirdness & Mutations

You have hoof-like feet.
You regenerate magic rapidly.


Message History

The magic dart hits the endoplasm.
The endoplasm is severely wounded.
The endoplasm quivers.
The magic dart hits the endoplasm but does no damage.
The endoplasm is severely wounded.
An endoplasm is nearby!
The magic dart hits the endoplasm.
You kill the endoplasm!
You now have 33 gold pieces (gained 7).
You now have 46 gold pieces (gained 13).
A gnoll comes into view. It is wielding a +0 flail.
Found a robe.
The gnoll shouts!
A gnoll is nearby!
A gnoll is nearby!
A gnoll is nearby!
A gnoll is nearby!
The magic dart hits the gnoll.
The gnoll is lightly wounded.
The magic dart hits the gnoll.
The gnoll is moderately wounded.
The magic dart hits the gnoll but does no damage.
The gnoll is moderately wounded.
The magic dart hits the gnoll but does no damage.
The gnoll is moderately wounded.
Casting: Magic Dart (safe; 13% risk of failure)
Confirm with . or Enter, or press ? or * to list all spells.
Aiming: Magic Dart (safe; 13% risk of failure)
Press: ? - help, Shift-Dir - straight line, f/p - gnoll
Aim: a gnoll, wielding a +0 flail (moderately wounded, 100% to hit)
The magic dart hits the gnoll.
The gnoll is heavily wounded.
You barely miss the gnoll.
The gnoll is heavily wounded.
The gnoll misses you.
You closely miss the gnoll.
The gnoll is heavily wounded.
The gnoll hits you with a +0 flail.
You barely miss the gnoll.
The gnoll is heavily wounded.
The gnoll barely misses you.
You hit the gnoll.
The gnoll is poisoned.
The gnoll is almost dead.
The gnoll closely misses you. The gnoll attacks as you move away!
The gnoll hits you with a +0 flail!
* * * LOW HITPOINT WARNING * * *
Casting: Magic Dart (safe; 13% risk of failure)
Confirm with . or Enter, or press ? or * to list all spells.
Aiming: Magic Dart (safe; 13% risk of failure)
Press: ? - help, Shift-Dir - straight line, f/p - gnoll
Aim: a gnoll, wielding a +0 flail (almost dead, very poisoned, 100% to hit)
The magic dart hits the gnoll but does no damage.
The gnoll is almost dead.
The gnoll closely misses you.
Casting: Magic Dart (safe; 13% risk of failure)
Confirm with . or Enter, or press ? or * to list all spells.
Aiming: Magic Dart (safe; 13% risk of failure)
Press: ? - help, Shift-Dir - straight line, f/p - gnoll
Aim: a gnoll, wielding a +0 flail (almost dead, very poisoned, 100% to hit)
The magic dart hits the gnoll.
You kill the gnoll!
You start resting.
Magic restored.
You start resting.
A ball python comes into view.
Things that are here:
a +0 flail; a gnoll corpse You start resting.
HP restored.
Found a robe.
You now have 55 gold pieces (gained 9).
g - a scroll labelled IGEADDEJAU A kobold comes into view.
It is wielding a +0 short sword of speed.
The kobold shouts!
You miscast Magic Dart.
You are very lightly contaminated with residual magic.
Nothing appears to happen.
The magic dart hits the kobold.
The kobold is moderately wounded.
The magic dart hits the kobold.
You kill the kobold!
You can't see any susceptible monsters within range! (Use Z to cast anyway.)
A giant cockroach comes into view.
The magic dart hits the giant cockroach.
The giant cockroach is moderately wounded.
The magic dart hits the giant cockroach.
You kill the giant cockroach!
Your magical contamination has completely faded away.
You can't see any susceptible monsters within range! (Use Z to cast anyway.)
Found a scroll labelled UGRO NENKU.
You see here a +0 short sword of speed.
h - a +0 short sword of speed Magic restored.
i - a scroll labelled UGRO NENKU
Found a faded altar of an unknown god.
Found a club.
You now have 60 gold pieces (gained 5).
j - a scroll labelled YGOINKORAI
Found a scale mail.
You now have 77 gold pieces (gained 17).
Found a stone staircase leading down.
You see here a +0 club.
A jackal comes into view.
The magic dart hits the jackal.
The jackal is severely wounded.
The jackal barks!
You hear a shout!
You hear a bark!
A jackal comes into view.
The magic dart hits the jackal.
The jackal is almost dead.
The jackal barely misses you.
A goblin comes into view. It is wielding a +0 club.
You hit the jackal but do no damage.
The jackal is poisoned.
The jackal is almost dead.
A jackal comes into view.
The jackal closely misses you. x2
The jackal attacks as you move away! The jackal bites you.
You see here a +0 club.
You barely miss the jackal.
You kill the jackal!
The jackal barely misses you. The jackal closely misses you.
You hit the jackal.
The jackal is heavily wounded.
The jackal barely misses you. The jackal bites you.
You miss the jackal. Your punch misses the jackal.
The jackal is heavily wounded.
The jackal bites you. The jackal barely misses you. The jackal bites you.
The jackal attacks as you move away!
The jackal bites you but does no damage.
You hit the jackal.
The jackal is moderately wounded.
The goblin falls through a shaft!
The shaft crumbles and collapses.
You closely miss the jackal.
The jackal is heavily wounded.
You closely miss the jackal. Your punch misses the jackal.
The jackal is heavily wounded.
The jackal bites you. The jackal barely misses you.
The jackal closely misses you. The jackal attacks as you move away!
The jackal bites you.
Casting: Magic Dart (safe; 12% risk of failure)
Confirm with . or Enter, or press ? or * to list all spells.
Aiming: Magic Dart (safe; 12% risk of failure)
Press: ? - help, Shift-Dir - straight line, f - jackal
Aim: a jackal (heavily wounded, 100% to hit)
The magic dart hits the jackal but does no damage.
The jackal is heavily wounded.
The jackal barely misses you. The jackal closely misses you.
Casting: Magic Dart (safe; 12% risk of failure)
Confirm with . or Enter, or press ? or * to list all spells.
Aiming: Magic Dart (safe; 12% risk of failure)
Press: ? - help, Shift-Dir - straight line, f/p - jackal
Aim: a jackal (heavily wounded, 100% to hit)
The magic dart hits the jackal but does no damage.
The jackal is heavily wounded.
The jackal barely misses you. The jackal closely misses you. x3
Casting: Magic Dart (safe; 12% risk of failure)
Confirm with . or Enter, or press ? or * to list all spells.
Aiming: Magic Dart (safe; 12% risk of failure)
Press: ? - help, Shift-Dir - straight line, f/p - jackal
Aim: a jackal (heavily wounded, 100% to hit)
You miscast Magic Dart.
You are very lightly contaminated with residual magic.
Nothing appears to happen.
The jackal bites you but does no damage.
The jackal bites you.
* * * LOW HITPOINT WARNING * * *
The jackal attacks as you move away! The jackal barely misses you.
The jackal attacks as you move away! The jackal misses you.
The jackal attacks as you move away! The jackal barely misses you.
The jackal bites you but does no damage.
You hit the jackal but do no damage.
The jackal is poisoned.
The jackal is moderately wounded.
The jackal bites you.
* * * LOW HITPOINT WARNING * * *
Your magical contamination has completely faded away.
The jackal attacks as you move away! The jackal closely misses you.
The jackal attacks as you move away! The jackal barely misses you.
Casting: Magic Dart (safe; 12% risk of failure)
Confirm with . or Enter, or press ? or * to list all spells.
Aiming: Magic Dart (safe; 12% risk of failure)
Press: ? - help, Shift-Dir - straight line, f - jackal
Aim: a jackal (moderately wounded, 100% to hit)
The magic dart hits the jackal.
The jackal is severely wounded.
The jackal bites you but does no damage.
You hit the jackal.
You kill the jackal! x2
Your Spellcasting skill increases to level 4!
You start resting.
Magic restored.
You start resting.
HP restored.
You see here a +0 club.
You see here a jackal corpse.
k - a glowing sapphire potion
Found a stone staircase leading down.
You miscast Magic Dart.
You are very lightly contaminated with residual magic.
Nothing appears to happen.
The bat closely misses you. x2
You hit the bat.
The bat is poisoned.
The bat is heavily wounded.
The bat barely misses you. The bat hits you but does no damage.
You miss the bat.
The bat is heavily wounded.
The bat closely misses you. The bat closely misses you.
A bat is nearby!
You hit the bat.
The bat is severely wounded.
You kill the bat!
No target in view!
Your magical contamination has completely faded away.
You now have 91 gold pieces (gained 14).
You see here a bat corpse.
You now have 106 gold pieces (gained 15).
A rat comes into view.
Found 2 scrolls labelled SALUEN WETSOA.
A rat is nearby!
A rat is nearby!
The magic dart hits the rat.
You kill the rat!
Magic restored.
l - 2 scrolls labelled SALUEN WETSOA
m - a scroll labelled KEJEVA RAIQ A bat comes into view.
A bat is nearby!
The magic dart hits the bat.
The bat is severely wounded.
The bat hits you but does no damage. The bat hits you but does no damage.
The bat hits you.
You closely miss the bat.
The bat is severely wounded.
The bat barely misses you. The bat barely misses you.
The bat barely misses you. The bat closely misses you.
The bat hits you but does no damage.
You hit the bat but do no damage.
The bat is moderately wounded.
The bat hits you but does no damage.
You hit the bat.
The bat is severely wounded.
The bat barely misses you. x2
The magic dart hits the bat.
You kill the bat!
You have reached level 3!
Your experience leads to an increase in your attributes!
Increase (S)trength, (I)ntelligence, or (D)exterity?
You feel clever. x2
You see here a bat corpse.
You see here a bat corpse.
A ball python is nearby!
A ball python is nearby!
A ball python is nearby!
A ball python is nearby!
The magic dart hits the ball python.
You kill the ball python!
There is a stone staircase leading down here.
You see here a +0 club.
A kobold comes into view. It is wielding a +0 dagger.
A kobold is nearby!
A kobold is nearby!
The magic dart hits the kobold but does no damage.
The kobold shouts!
The magic dart hits the endoplasm.
The endoplasm is lightly wounded.
The endoplasm quivers.
The magic dart hits the endoplasm.
The endoplasm is severely wounded.
The magic dart hits the endoplasm but does no damage.
The endoplasm is severely wounded.
The magic dart hits the endoplasm.
You kill the endoplasm!
The kobold throws a stone.
The stone hits you.
You miscast Magic Dart.
You are very lightly contaminated with residual magic.
Nothing appears to happen.
You miscast Magic Dart.
Nothing appears to happen.
The magic dart hits the kobold but does no damage.
* * * LOW MAGIC WARNING * * *
The kobold throws a stone.
The stone hits you but does no damage. The kobold hits you with a +0 dagger.
You barely miss the kobold. The kobold completely misses you.
You hit the kobold but do no damage. The kobold hits you but does no damage.
You hit the kobold.
The kobold is poisoned.
The kobold is moderately wounded.
The kobold barely misses you.
You hit the kobold but do no damage. You punch the kobold, but do no damage.
The kobold is moderately wounded.
You kill the kobold!
No target in view!
Your magical contamination has completely faded away.
Things that are here:
a +0 dagger; 3 stones
n - a metallic coppery potion Done exploring.
Done exploring.
Okay, then.
Search for what [? for help]? weapon You open the door.
There is an open door here.
There is a staircase leading out of the dungeon here.
As you open the door, it creaks loudly!
There are no items here.
(D) Dungeon
Where to? (Enter - D:1 @ (x,y), ? - help)
Okay, then.
There are no items here.
(D) Dungeon
Where to? (Enter - D:1 @ (x,y), ? - help)
There is an open door here.
You see here a +0 spear.
o - a +0 spear Your +0 dagger of venom stops dripping with poison.
o - a +0 spear (weapon)
You drop a +0 dagger.
Your +0 dagger of venom begins to drip with poison!
e - a +0 dagger of venom (weapon)
Okay, then.
Memorise Call Imp, consuming 2 spell levels and leaving 7?
You start memorising the spell.
You continue memorising. x2
You finish memorising.
Spell assigned to 'b'.
Unknown command.
Done exploring.
Done exploring.
Done exploring.
There is a stone staircase leading down here.
You climb downwards.
There is a stone staircase leading up here.
Found a club.
A ball python and a kobold come into view.
The ball python hisses angrily.
There is a stone staircase leading up here.
The magic dart hits the ball python.
You kill the ball python!
You can't see any susceptible monsters within range! (Use Z to cast anyway.) Magic restored.
The kobold shouts!
The magic dart hits the kobold.
The kobold is heavily wounded.
The magic dart hits the kobold but does no damage.
The kobold is heavily wounded.
A kobold is nearby!
You hit the kobold but do no damage.
The kobold is poisoned.
The kobold is heavily wounded.
The kobold hits you with a +0 club.
The magic dart hits the kobold.
You kill the kobold!
HP restored.
Things that are here:
a +0 club; 5 stones; a kobold corpse
a - 2 amethyst potions You now have 114 gold pieces (gained 8).
Found a stone staircase leading down.
p - a fuming dark potion
q - a scroll labelled WOIDAU IKLEVU
Found 5 stones.
A rat comes into view.
The magic dart hits the rat but does no damage.
The magic dart hits the rat.
The rat is heavily wounded.
The magic dart hits the rat.
You kill the rat!
A goblin is nearby!
A goblin is nearby!
A goblin is nearby!
The magic dart hits the goblin.
The goblin is moderately wounded.
The magic dart hits the goblin.
You kill the goblin!
You can't see any susceptible monsters within range! (Use Z to cast anyway.)
r - a scroll labelled ROOLUX LAUXT
Things that are here:
a +0 club; a goblin corpse A goblin comes into view.
It is wielding a +0 dagger.
The goblin shouts!
The magic dart hits the goblin.
The goblin is severely wounded.
The magic dart hits the goblin.
You kill the goblin!
s - a brown potion You see here a +0 dagger.
A kobold comes into view. It is wielding a +0 dagger.
A kobold is nearby!
The magic dart hits the kobold.
You kill the kobold!
You can't see any susceptible monsters within range! (Use Z to cast anyway.)
Found a stone staircase leading down.
There is a stone staircase leading down here.
You now have 131 gold pieces (gained 17).
A frilled lizard comes into view.
The magic dart hits the frilled lizard.
The frilled lizard is heavily wounded.
The frilled lizard hisses angrily.
The magic dart hits the frilled lizard.
You kill the frilled lizard!
You can't see any susceptible monsters within range! (Use Z to cast anyway.)
A hobgoblin comes into view.
A hobgoblin is nearby!
The magic dart hits the hobgoblin but does no damage.
The hobgoblin shouts!
The magic dart hits the hobgoblin.
The hobgoblin is heavily wounded.
The magic dart hits the hobgoblin.
The hobgoblin is almost dead.
You barely miss the hobgoblin.
The hobgoblin is almost dead.
The hobgoblin misses you.
You closely miss the hobgoblin.
The hobgoblin is almost dead.
The hobgoblin hits you but does no damage.
You hit the hobgoblin.
You kill the hobgoblin!
You can't see any susceptible monsters within range! (Use Z to cast anyway.)
You now have 135 gold pieces (gained 4).
j - 2 scrolls labelled YGOINKORAI (gained 1) Key pressed, stopping explore.
Found a whip.
You see here a +0 whip.
There is a stone staircase leading down here.
Natasha, Servant of Life and Death comes into view.
Natasha is nearby!
A dart slug comes into view.
A dart slug is nearby!
The magic dart hits the dart slug.
The dart slug is moderately wounded.
The dart slug launches a dart at you. The slug dart misses you.
The magic dart hits the dart slug.
The dart slug is heavily wounded.
The magic dart hits the dart slug.
The dart slug is severely wounded.
The dart slug launches a dart at you. The slug dart misses you.
The magic dart hits the dart slug.
You kill the dart slug!
You can't see any susceptible monsters within range! (Use Z to cast anyway.)
Found a whip.
You see here a +0 whip.
Found a stone staircase leading up.
You see here a +0 whip.
Partly explored, can't reach some places.
Partly explored, can't reach some places.
There is a stone staircase leading down here.
You climb downwards.
There is a stone staircase leading up here.
Found a sling.
Found a stone staircase leading down.
You now have 144 gold pieces (gained 9).
t - a scroll labelled BYRGHIL WEISISIO
Found a club.
Found a stone staircase leading up.
Found a falchion.
An orc comes into view. It is wielding a +0 dagger.
Found 6 gold pieces.
There is a stone staircase leading up here.
You miscast Magic Dart.
You are very lightly contaminated with residual magic.
Nothing appears to happen.
You start resting.
Magic restored.
There is a stone staircase leading up here.
You miscast Magic Dart.
Nothing appears to happen.
You start resting.
Magic restored.
The orc shouts!
There is a stone staircase leading up here.
The magic dart hits the orc.
The orc is lightly wounded.
Your magical contamination has completely faded away.
The magic dart hits the orc.
The orc is severely wounded.
The magic dart hits the orc.
You kill the orc!
Things that are here:
a +0 dagger; an orc corpse
m - 3 scrolls labelled KEJEVA RAIQ (gained 2)
You now have 150 gold pieces (gained 6).
u - a scroll labelled MORPHU BUTHRU Pargi the Meek comes into view.
You open the gate.
There is an open gate here.
Found 4 poisoned darts.
You open the gate.
An adder comes into view.
The adder hisses angrily.
An adder is nearby!
The magic dart hits the adder.
The adder is lightly wounded.
You barely miss the adder.
The adder is lightly wounded.
The adder barely misses you.
The magic dart hits the adder.
The adder is moderately wounded.
The adder barely misses you. The adder bites you.
The magic dart hits the adder.
The adder is heavily wounded.
The adder bites you.
The magic dart hits the adder.
The adder is severely wounded.
The adder closely misses you.
The magic dart hits the adder.
The adder is severely wounded.
The adder closely misses you. The adder bites you.
The magic dart hits the adder.
The adder is almost dead.
The adder bites you.
You are poisoned.
The adder poisons you!
You are too injured to fight recklessly!
Casting: Magic Dart (safe; 11% risk of failure)
Confirm with . or Enter, or press ? or * to list all spells.
Aiming: Magic Dart (safe; 11% risk of failure)
Press: ? - help, Shift-Dir - straight line, f/p - adder
Aim: an adder (almost dead, 100% to hit)
The magic dart hits the adder but does no damage.
The adder is almost dead.
You feel sick. The adder misses you.
Casting: Magic Dart (safe; 11% risk of failure)
Confirm with . or Enter, or press ? or * to list all spells.
Aiming: Magic Dart (safe; 11% risk of failure)
Press: ? - help, Shift-Dir - straight line, f/p - adder
Aim: an adder (almost dead, 100% to hit)
The magic dart hits the adder.
The adder is almost dead.
* * * LOW MAGIC WARNING * * *
You feel sick. The adder bites you.
* * * LOW HITPOINT WARNING * * *
You are lethally poisoned!
The adder poisons you!
It was a potion of heal wounds.
You feel much better.
You feel very sick. The adder barely misses you. The adder bites you.
Casting: Magic Dart (safe; 11% risk of failure)
Confirm with . or Enter, or press ? or * to list all spells.
Aiming: Magic Dart (safe; 11% risk of failure)
Press: ? - help, Shift-Dir - straight line, f/p - adder
Aim: an adder (almost dead, 100% to hit)
The magic dart hits the adder.
You kill the adder!
* * * LOW MAGIC WARNING * * *
You feel sick.
Your Summonings skill increases to level 2!
A ball python comes into view.
You feel sick.
There is an open gate here.
You feel sick.
You close the gate.
You feel sick.
You start resting.
You feel sick. x3
You are no longer poisoned.
You start resting.
Magic restored.
You start resting.
HP restored.
Sorry, you're not good enough to have a special ability.
Okay, then.
You open the gate.
The ball python hisses angrily.
The magic dart hits the ball python.
The ball python is moderately wounded.
The magic dart hits the ball python.
You kill the ball python!
Magic restored.
There is an open gate here.
You now have 160 gold pieces (gained 10).
A bat comes into view.
A bat is nearby!
The magic dart hits the bat.
The bat is severely wounded.
The magic dart hits the bat.
You kill the bat!
You pick up a book of Displacement and begin reading...
You add the spells Lesser Beckoning, Gell's Gravitas and Teleport Other to your library.
You open the gate.
There is an open gate here.
Found a ring mail.
Found a stone staircase leading up.
A kobold comes into view. It is wielding a +0 club.
A kobold is nearby!
The magic dart hits the kobold.
You kill the kobold!
You can't see any susceptible monsters within range! (Use Z to cast anyway.)
A bat comes into view.
A bat is nearby!
The magic dart hits the bat.
You kill the bat!
Things that are here:
a +0 club; 4 stones
Found a stone staircase leading down.
A bat comes into view.
A bat is nearby!
The magic dart hits the bat.
The bat is severely wounded.
The bat completely misses you. The bat barely misses you.
The magic dart hits the bat.
You kill the bat!
You can't see any susceptible monsters within range! (Use Z to cast anyway.)
A frilled lizard comes into view.
A frilled lizard is nearby!
A frilled lizard is nearby!
The magic dart hits the frilled lizard.
You kill the frilled lizard!
No target in view!
Found an escape hatch in the floor.
Found an escape hatch in the ceiling.
A frilled lizard comes into view.
There is an escape hatch in the ceiling here.
The magic dart hits the frilled lizard.
You kill the frilled lizard!
Found a stone staircase leading down.
You see here a bat corpse.
You now have 176 gold pieces (gained 16).
You now have 184 gold pieces (gained 8).
You see here a +0 ring mail.
Key pressed, stopping explore.
Partly explored, can't reach some places.
Partly explored, can't reach some places.
Partly explored, can't reach some places.
Partly explored, can't reach some places.
(D) Dungeon
Where to? (Enter - D:2 @ (x,y), ? - help)
There is a stone staircase leading down here.
You climb downwards.
Found 25 gold pieces.
There is a stone staircase leading up here.
You now have 198 gold pieces (gained 14).
A giant cockroach comes into view.
A giant cockroach is nearby!
A giant cockroach is nearby!
The magic dart hits the giant cockroach.
You kill the giant cockroach!
You can't see any susceptible monsters within range! (Use Z to cast anyway.) Magic restored.
You now have 209 gold pieces (gained 11).
Found a stone staircase leading up.
A hound comes into view.
There is a stone staircase leading up here.
Casting: Magic Dart (safe; 11% risk of failure)
Confirm with . or Enter, or press ? or * to list all spells.
A shadowy apparition takes form in the air.
The hound bites you.
Your shadow imp barely misses the hound.
The hound barely misses you.
You hit the hound but do no damage.
The hound is poisoned.
The hound bites you.
Your shadow imp misses the hound.
You hit the hound.
The hound looks as sick as possible!
The hound is lightly wounded.
The hound misses you. The hound bites you.
Your shadow imp closely misses the hound.
You hit the hound.
The hound is severely wounded.
The hound bites you.
Your shadow imp closely misses the hound.
You hit the hound.
The hound looks as sick as possible!
The hound is almost dead.
The hound closely misses you. The hound barely misses you.
Your shadow imp hits the hound.
You closely miss the hound.
The hound is almost dead.
You kill the hound!
Your Summonings skill increases to level 3!
You have reached level 4!
You feel stronger.
Your demonic ancestry asserts itself...
Your feet thicken and deform.
There is a stone staircase leading up here.
You start resting.
Magic restored.
You start resting.
A gnoll comes into view. It is wielding a +0 flail.
Unknown command.
The magic dart hits the gnoll but does no damage.
The magic dart hits the gnoll.
The gnoll is lightly wounded.
You can't see any susceptible monsters within range! (Use Z to cast anyway.)
What are your orders? t - Shout!
Orders for allies: a - Attack new target. p - Attack previous target. r - Retreat! s - Stop attacking. g - Guard the area. f - Follow me.
Anything else - Cancel.
Gang up on whom?
Press: ? - help, Dir - move target, f/p - gnoll
Aim: a gnoll, wielding a +0 flail (lightly wounded, ally target) Attack!
Your shadow imp disappears in a puff of smoke!
You climb upwards.
Level annotation: Pargi
There is a stone staircase leading down here.
Magic restored.
There is a stone staircase leading down here.
You start resting.
HP restored.
You climb downwards.
The gnoll shouts!
You hear a shout!
Found 12 gold pieces and a short sword.
Found an iron altar of Okawaru.
There is a stone staircase leading up here.
You climb upwards.
Level annotation: Pargi
There is a stone staircase leading down here.
There is a stone staircase leading down here.
You climb downwards.
Found 14 gold pieces.
There is a stone staircase leading up here.
The helpless adder fails to defend itself.
You hit the adder.
The adder is poisoned.
The adder is heavily wounded.
The adder bites you but does no damage.
You hit the adder but do no damage. You kick the adder, but do no damage.
The adder is almost dead.
The adder bites you. The adder bites you but does no damage.
The black bear growls angrily.
The adder closely misses you.
You climb upwards.
Level annotation: Pargi
There is a stone staircase leading down here.
You hit the adder.
You kill the adder!
No target in view!
You start resting.
HP restored.
Search for what [Enter for "weapon", or ? for help]? armor
Okay, then.
Unknown command.
Okay, then.
There is a stone staircase leading down here.
Unknown command.
You climb downwards.
The gnoll shouts!
You hear a shout!
The gnoll shouts!
There is a stone staircase leading up here.
The gnoll shouts!
You hit the gnoll. You kick the gnoll, but do no damage.
The gnoll is lightly wounded.
You hear a shout!
The gnoll hits you with a +0 whip! The gnoll closely misses you.
You climb upwards.
Level annotation: exclusion: 2 downstairs, Pargi
There is a stone staircase leading down here.
Unknown command.
Casting: Magic Dart (safe; 11% risk of failure)
Confirm with . or Enter, or press ? or * to list all spells.
A metallic apparition takes form in the air.
The gnoll hits you with a +0 whip!
* * * LOW HITPOINT WARNING * * *
Your iron imp hits the gnoll.
The gnoll closely misses your iron imp.
Your iron imp hits the gnoll!
The gnoll closely misses your iron imp.
Your iron imp hits the gnoll.
The gnoll dies!
You start resting.
Magic restored.
You start resting.
Your iron imp disappears in a puff of smoke!
HP restored.
You see here a +0 dagger.
There is a stone staircase leading up here.
You climb upwards.
Level annotation: Natasha
Found a stone staircase leading up.
There is a stone staircase leading down here.
Casting: Call Imp (safe; 6% risk of failure)
Confirm with . or Enter, or press ? or * to list all spells.
A beastly little devil appears in a puff of frigid air.
There is a stone staircase leading up here.
What are your orders? t - Shout!
Orders for allies: a - Attack new target. r - Retreat! s - Stop attacking. g - Guard the area. f - Follow me.
Anything else - Cancel.
Gang up on whom?
Press: ? - help, Dir - move target, f - Natasha
Aim: Natasha (asleep, ally target) Attack!
Your white imp gestures at Natasha.
The puff of frost hits Natasha!
Natasha drinks a potion.
Natasha is healed!
Natasha wildly gestures.
You feel troubled.
Your white imp hits Natasha but does no damage.
The magic dart hits Natasha.
Natasha is lightly wounded.
Natasha casts a spell at you. The magic dart hits you!
Your white imp gestures at Natasha.
The puff of frost hits Natasha!
The magic dart hits Natasha.
You kill Natasha!
Suddenly Natasha's spirit rises from her lifeless body.
Your Stealth skill increases to level 2!
Unknown command.
You start resting.
Magic restored.
You start resting.
Your white imp disappears in a puff of smoke!
HP restored.
There is a stone staircase leading up here.
There is a stone staircase leading down here.
Unknown command.
Done exploring.
Done exploring.
Done exploring.
Done exploring.
You see here a +0 dagger.
There is a stone staircase leading down here.
You climb downwards.
Level annotation: exclusion: 2 downstairs, Pargi
There is a stone staircase leading up here.
Unknown command.
Unknown command.
There is a stone staircase leading down here.
There's nothing to open nearby.
Unknown command.
There is a stone staircase leading down here.
Unknown command.
You climb downwards.
There is a stone staircase leading up here.
The black bear bites you. The black bear claws you. x2
You climb upwards.
Level annotation: exclusion: downstairs, Pargi
There is a stone staircase leading down here.
Casting: Magic Dart (safe; 11% risk of failure)
Confirm with . or Enter, or press ? or * to list all spells.
A beastly little devil appears in a puff of frigid air.
The black bear bites you.
* * * LOW HITPOINT WARNING * * *
The black bear claws you.
* * * LOW HITPOINT WARNING * * *
The black bear closely misses you.
Your white imp hits the black bear.
Your white imp freezes the black bear.
You swap places.
The black bear bites you.
* * * LOW HITPOINT WARNING * * *
The black bear barely misses you. The black bear completely misses you.
Your white imp gestures at the black bear.
The puff of frost hits the black bear!
The black bear bites your white imp.
The black bear barely misses your white imp.
The black bear claws your white imp.
Your white imp gestures at the black bear.
The puff of frost hits the black bear.
The black bear closely misses something.
The black bear barely misses something.
The black bear claws something.
Something bites your white imp!
Your white imp dies!
Your white imp disappears in a puff of smoke!
The black bear growls angrily.
Casting: Call Imp (safe; 6% risk of failure)
Confirm with . or Enter, or press ? or * to list all spells.
You miscast Call Imp.
You are very lightly contaminated with residual magic.
Nothing appears to happen.
Casting: Call Imp (safe; 6% risk of failure)
Confirm with . or Enter, or press ? or * to list all spells.
A metallic apparition takes form in the air.
Your iron imp completely misses the black bear.
The black bear bites your iron imp. The black bear claws your iron imp.
The black bear barely misses your iron imp.
Your iron imp closely misses the black bear.
The black bear bites your iron imp.
The black bear closely misses your iron imp. x2
Your iron imp barely misses the black bear.
Your magical contamination has completely faded away.
Your iron imp closely misses the black bear.
Your iron imp hits the black bear!
The black bear dies!
Your Short Blades skill increases to level 1!
You have reached level 5!
Your demonic ancestry asserts itself...
Your feet thicken and deform.
You start resting.
Magic restored.
You start resting.
Your iron imp disappears in a puff of smoke!
HP restored.
There is a stone staircase leading down here.
Unknown command.
You climb downwards.
There is a stone staircase leading up, spattered with blood here.
You now have 223 gold pieces (gained 14).
The gnoll shouts!
Casting: Call Imp (safe; 4% risk of failure)
Confirm with . or Enter, or press ? or * to list all spells.
A shadowy apparition takes form in the air.
Your shadow imp barely misses the gnoll.
There is a stone staircase leading up, spattered with blood here.
Casting: Call Imp (safe; 4% risk of failure)
Confirm with . or Enter, or press ? or * to list all spells.
A beastly little devil appears in a puff of flame.
Your shadow imp disappears in a puff of smoke!
What are your orders? t - Shout!
Orders for allies: a - Attack new target. r - Retreat! s - Stop attacking. g - Guard the area. f - Follow me.
Anything else - Cancel.
Gang up on whom?
Press: ? - help, Dir - move target, f - gnoll
Aim: a gnoll, wielding a +0 flail (ally target) Attack!
Your crimson imp barely misses the gnoll.
You miscast Magic Dart.
You are very lightly contaminated with residual magic.
Nothing appears to happen.
Your crimson imp hits the gnoll.
The gnoll closely misses you.
Your crimson imp blinks!
You climb upwards.
Level annotation: exclusion: downstairs, Pargi
There is a stone staircase leading down here.
Casting: Magic Dart (safe; 11% risk of failure)
Confirm with . or Enter, or press ? or * to list all spells.
A metallic apparition takes form in the air.
The gnoll closely misses you.
You hit the gnoll but do no damage.
The gnoll is lightly wounded.
The gnoll hits you with a +0 flail.
You hit the gnoll.
The gnoll is poisoned.
You kick the gnoll, but do no damage.
The gnoll is moderately wounded.
The gnoll barely misses you.
You barely miss the gnoll.
The gnoll is moderately wounded.
The gnoll closely misses you.
Your iron imp misses the gnoll.
Your magical contamination has completely faded away.
You hit the gnoll.
The gnoll looks as sick as possible!
Your kick misses the gnoll.
The gnoll is severely wounded.
You kill the gnoll!
You start resting.
Magic restored.
Your iron imp disappears in a puff of smoke!
You start resting.
HP restored.
Things that are here:
a +0 flail; a gnoll corpse Unknown command.
There is a stone staircase leading down here.
Unknown command.
Unknown command.
Unknown command.
Unknown command.
Unknown command.
Unknown command.
Unknown command.
You climb downwards.
The gnoll hits you with a +0 flail! The gnoll barely misses you.
There is a stone staircase leading up, spattered with blood here.
Casting: Call Imp (safe; 4% risk of failure)
Confirm with . or Enter, or press ? or * to list all spells.
A beastly little devil appears in a puff of flame.
The gnoll hits you with a +0 flail.
You swap places.
The gnoll closely misses your crimson imp.
Your crimson imp completely misses the gnoll.
The gnoll closely misses your crimson imp.
Your crimson imp hits the gnoll.
Your crimson imp barely misses the gnoll.
The gnoll misses your crimson imp.
Your crimson imp barely misses the gnoll.
The gnoll closely misses your crimson imp.
Your crimson imp hits the gnoll.
Your crimson imp hits the gnoll.
Casting: Call Imp (safe; 4% risk of failure)
Confirm with . or Enter, or press ? or * to list all spells.
A beastly little devil appears in a puff of flame.
Your crimson imp disappears in a puff of smoke!
A kobold comes into view. It is wielding a +0 short sword.
Something completely misses your crimson imp.
A gnoll comes into view. It is wielding a +0 halberd.
The kobold throws a stone.
The stone closely misses you.
The gnoll throws a throwing net.
The throwing net hits you.
You become entangled in the net!
You see here a throwing net.
You struggle against the net.
Your crimson imp blinks!
You struggle against the net.
You struggle against the net.
You struggle against the net.
The kobold hits you with a +0 short sword.
The gnoll barely misses you.
You rip the net and break free!
The kobold barely misses you.
The gnoll throws a throwing net.
The throwing net hits you.
You become entangled in the net!
You struggle against the net.
The kobold hits you with a +0 short sword.
* * * LOW HITPOINT WARNING * * *
The gnoll hits you from afar with a +0 halberd.
* * * LOW HITPOINT WARNING * * *
Okay, then.
You feel much better.
The kobold hits you with a +0 short sword.
The gnoll hits you from afar with a +0 halberd!
Your crimson imp blinks!
As you read the scroll labelled WOIDAU IKLEVU, it crumbles to dust.
Wisps of shadow whirl around you...
It was a scroll of summoning.
The kobold hits you with a +0 short sword.
The gnoll hits you from afar with a +0 halberd!
* * * LOW HITPOINT WARNING * * *
The gnoll barely misses you.
Your crimson imp hits the gnoll but does no damage.
You struggle against the net.
The gnoll hits you from afar with a +0 halberd!
You die...

.........#...
#............ #
............ .#
...........##. ##
.............#..#
..........##..#
......#g....#.####
.........g<.......
##...##@#######...
#.....Kg#
.....#r5#######
..###.#.........
.........#######
..###.#.## #...#
####..###
##.......##


You could see 2 gnolls, a kobold (ally target), a friendly crimson imp
(summoned), a friendly quokka (summoned) and a friendly goblin (summoned).

Vanquished Creatures
  A hound (D:4)
  Natasha (D:2)
  2 gnolls
  2 adders (D:3)
  A dart slug (D:2)
  An orc (D:3)
  6 bats
  3 endoplasms (D:1)
  2 giant cockroaches
  5 goblins
  A hobgoblin (D:2)
  3 jackals (D:1)
  4 ball pythons
  3 frilled lizards
  5 kobolds
  3 rats
43 creatures vanquished.

Vanquished Creatures (collateral kills)
  A black bear (D:3)
  A gnoll (D:3)
2 creatures vanquished.

Vanquished Creatures (others)
  A withered plant (D:1)
1 creature vanquished.

Grand Total: 46 creatures vanquished

Notes
Turn   | Place    | Note
-------+----------+-------------------------------------------
     0 | D:1      | sleeves the Demonspawn Hedge Wizard began the quest for the
                  | Orb.
     0 | D:1      | Reached XP level 1. HP: 13/13 MP: 4/4
   271 | D:1      | Gained mutation: You regenerate magic rapidly. [demonic
                  | ancestry]
   271 | D:1      | Reached XP level 2. HP: 19/19 MP: 2/6
   361 | D:1      | HP: 5/19 [gnoll/+0 flail (9)]
   656 | D:1      | Found a faded altar of an unknown god.
   705 | D:1      | HP: 9/19 [jackal (3)]
   711 | D:1      | HP: 8/19 [jackal (1)]
   715 | D:1      | Reached skill level 4 in Spellcasting
   997 | D:1      | Reached XP level 3. HP: 23/24 MP: 6/8
  1183 | D:1      | CougarLife: you got jackal packed on d1 eh?
  1183 | D:1      | sleeves: I spawned next to jackals
  1183 | D:1      | sleeves: in a room with one exit
  1183 | D:1      | sleeves: and they were hiding in that hallway
  1183 | D:1      | sleeves: then missed 3 stings
  1183 | D:1      | sleeves: and got swarmed and died
  1183 | D:1      | sleeves: was pretty fucking lol
  1183 | D:1      | sleeves: also just got mana shield on this Ds i was
                  | planning on going a caster
  1183 | D:1      | sleeves: guess im a melee dude/summoner
  1183 | D:1      | CougarLife: yeah that happens to me quite a lot
  1215 | D:1      | sleeves: question is do i go stab or spear
  1217 | D:1      | sleeves: I guess i can go summoner or hexer
  1217 | D:1      | sleeves: not sure tho
  1217 | D:1      | sleeves: need to make that decison now tho..
  1220 | D:1      | Learned a level 2 spell: Call Imp
  1220 | D:1      | sleeves: i guess i dont have to but i should
  1754 | D:2      | Noticed Natasha
  2169 | D:3      | Noticed Pargi
  2227 | D:3      | HP: 12/24 [adder (1)]
  2230 | D:3      | Reached skill level 2 in Summonings
  2232 | D:3      | HP: 11/24 [poisoned by an adder]
  2874 | D:4      | Reached skill level 3 in Summonings
  2874 | D:4      | Gained mutation: You have large cloven feet. [demonic
                  | ancestry]
  2874 | D:4      | Reached XP level 4. HP: 20/30 MP: 8/10
  2967 | D:4      | Noticed a necrophage
  2967 | D:4      | Found an iron altar of Okawaru.
  2982 | D:4      | Noticed a black bear
  3028 | D:3      | sleeves: hm cursed run as well
  3056 | D:3      | HP: 12/30 [gnoll/+0 whip (8)]
  3260 | D:2      | Killed Natasha
  3261 | D:2      | Reached skill level 2 in Stealth
  3472 | D:3      | HP: 12/30 [black bear (6)]
  3492 | D:3      | Killed a black bear
  3493 | D:3      | Reached skill level 1 in Short Blades
  3493 | D:3      | Gained mutation: You have hoof-like feet. [demonic
                  | ancestry]
  3493 | D:3      | Reached XP level 5. HP: 10/35 MP: 8/11
  3820 | D:4      | HP: 17/35 [kobold/+0 short sword (3)]
  3821 | D:4      | sleeves: you gotta be fucking kidding me
  3821 | D:4      | sleeves: HE HAD TWP
  3821 | D:4      | sleeves: two nets
  3821 | D:4      | sleeves: lmao
  3822 | D:4      | HP: 7/35 [gnoll/+0 halberd (14)]
  3823 | D:4      | Slain by a gnoll

Illustrated notes

Levels and vault maps discovered:
D:1:      nzn_arrival_crosshair, layout_rooms,
          ebering_ecumenical_altar_petrified, minmay_misc_feat_enclosed,
          amethyst_killhole
D:2:      layout_basic, uniq_natasha
D:3:      layout_rooms, grunt_decor_one_mirror, kennysheep_cluttered_room,
          uniq_pargi
D:4:      layout_rooms, mainiacjoe_overflow_chevrons,
          nicolae_tso_carved_into_rock, nicolae_dithmenos_through_a_glass_darkly

Skill      XL: |  1  2  3  4 |
---------------+-------------+-----
Spellcasting   | 4 |  4.1
Summonings     | 3 |  3.8
Stealth        | 2 |  2.7
Short Blades   | 1 |  1.5
Dodging        | |  1.7
Conjurations   | |  1.0
Translocations | |  0.8

Action                   |  1- 3 |  4- 6 || total
-------------------------+-------+-------++-------
Melee: Dagger            |    38 |     8 ||    46
       Punch             |     1 |       ||     1
       Kick              |       |     3 ||     3
 Cast: Magic Dart        |    86 |     4 ||    90
       Call Imp          |     1 |     9 ||    10
  Use: Potion            |     1 |     1 ||     2
       Scroll            |       |     1 ||     1
 Stab: Sleeping          |     1 |     1 ||     2
Armor: Robe              |    12 |     2 ||    14
Dodge: Dodged            |    57 |    14 ||    71
